 Dungeon Crawl Stone Soup version 0.24.1 (webtiles) character file.

Game seed: 15773229504672647280, levelgen mode: deterministic

2993 bulhaenghan the Slinger (level 10, -1/77 HPs)
             Began as a Formicid Fighter on Mar 27, 2020.
             Was a Believer of Cheibriados.
             Slain by Blackmass's ghost (2 damage)
             ... on level 6 of the Dungeon.
             The game lasted 00:18:16 (7744 turns).

bulhaenghan the Slinger (Formicid Fighter)          Turns: 7744, Time: 00:18:17

Health: -1/77      AC: 17    Str: 30    XL:     10   Next: 9%
Magic:  12/12      EV:  6    Int: 14    God:    Cheibriados [**....]
Gold:   423        SH: 11    Dex: 19    Spells: 9/9 levels left

rFire    . . .     SeeInvis +   b - +6 fustibalus
rCold    . . .     Gourm    .   c - +0 shield
rNeg     . . .     Faith    .   s - +0 plate armour
rPois    .         Spirit   .   (helmet unavailable)
rElec    .         Reflect  .   (no cloak)
rCorr    .         Harm     .   Q - +2 pair of gloves {archery}
MR       ++...                  r - +0 pair of boots
Stlth    ..........             (no amulet)
HPRegen  0.22/turn              A - ring of protection from magic
MPRegen  0.13/turn              o - +3 ring of dexterity

@: very slightly contaminated, very slow
A: permanent stasis, dig shafts and tunnels, four strong arms, antennae 3
a: Dig, Shaft Self, Bend Time, Renounce Religion


You were on level 6 of the Dungeon.
You worshipped Cheibriados.
Cheibriados was pleased with you.
You were very hungry.

You visited 1 branch of the dungeon, and saw 7 of its levels.

You collected 423 gold pieces.

Inventory:

Hand Weapons
 a - a +0 flail
 b - a +6 fustibalus (weapon)
Missiles
 u - 172 stones
 y - 26 sling bullets (quivered)
 B - 34 poisoned darts
 I - 6 throwing nets
Armour
 c - a +0 shield (worn)
 r - a +0 pair of boots (worn)
 s - a +0 plate armour (worn)
 v - a +0 scale mail
 Q - a +2 pair of gloves of archery (worn)
Magical Staves
 E - an uncursed staff of power {unknown}
Jewellery
 j - a +5 ring of intelligence
 o - a +3 ring of dexterity (right hand)
 A - a ring of protection from magic (left hand)
 L - a +2 ring of intelligence
 O - a +6 ring of dexterity
 P - a cursed ring of teleportation {unknown}
Wands
 N - a wand of polymorph (1)
Scrolls
 e - 2 scrolls of enchant armour
 h - a scroll of fog {unknown}
 i - 4 scrolls of magic mapping
 l - 2 scrolls of amnesia {unknown}
 m - 3 scrolls of remove curse {unknown}
 n - 2 scrolls of teleportation {unknown}
 t - a scroll of noise {unknown}
 x - 2 scrolls of immolation
 z - a scroll of random uselessness {unknown}
 H - a scroll of silence {unknown}
 J - a scroll of enchant weapon {unknown}
 M - 2 scrolls of identify {unknown}
Potions
 d - 2 potions of might
 g - 2 potions of magic {unknown}
 k - a potion of degeneration {unknown}
 p - a potion of curing {unknown}
 q - 2 potions of flight {unknown}
 w - 3 potions of haste {unknown}
 D - 2 potions of brilliance {unknown}
 F - 2 potions of mutation {unknown}
 K - a potion of heal wounds {unknown}
Comestibles
 f - 9 rations


   Skills:
 + Level 6.8 Fighting
 + Level 7.3 Maces & Flails
 + Level 8.2 Slings
 + Level 0.2(4.6) Throwing
 + Level 6.6 Armour
 - Level 3.6 Shields
 + Level 0.3 Unarmed Combat
 * Level 3.8 Invocations


You had 9 spell levels left.
You didn't know any spells.
Your spell library was empty.

Dungeon Overview and Level Annotations

Branches:
Dungeon (7/15)             Temple (0/1) D:6

Altars:
Ashenzari
Cheibriados
Nemelex Xobeh
Wu Jian

Shops:
D:6 %

Annotations:
D:2 exclusion: 2 downstairs
D:3 arakdai's ghost, amateur DsGl
D:6 exclusion: downstairs, Blackmass's ghost, novice HuNe


Innate Abilities, Weirdness & Mutations

You cannot be hasted, slowed, berserked, paralysed or teleported.
You can dig through walls and to a lower floor.
Your four strong arms can wield two-handed weapons with a shield.
You have a pair of large antennae on your head. (SInv)


Message History

You are very lightly contaminated with residual magic.
Blackmass's ghost completely misses you.
You block Blackmass's ghost's attack.
Blackmass's ghost gestures at something while chanting.
You resist with almost no effort.
Blackmass's ghost gestures at something while chanting.
The puff of frost hits you!
* * * LOW HITPOINT WARNING * * *
Really walk into that dispersal trap?
You enter a dispersal trap!
Blackmass's ghost blinks!
Blackmass's ghost casts a spell at something.
There is a dispersal trap here.
You flicker for a moment.
Blackmass's ghost gestures at you while chanting.
The puff of frost hits you but does no damage.
You flicker back into view.
Blackmass's ghost says, "Your head would complement my pike nicely."
Blackmass's ghost hits you!
* * * LOW HITPOINT WARNING * * *
You die...

....####.# #.#.# #...#
.##.####.#####.#.#########...####
......)..........................
.##.###........#.##########......
....###........#.# #...# #......
###..##........#.# #...# #......
# ##.##........#.# #...# #.#'###
# #.##........#.# #...# #.#.... #
#..##+...P..#@# #...# #.##### #
##.##.......#W# #.^[# #.# #
#..#...>...#.###.[.####.#
######.##......#............#####
...............#..........)......
#######.##.#...+...>#############
...# #.##.#.[.#.##.# ##.#
#..#.#...'..#.# ##.#
##.#.#...#..#.#


You could see Blackmass's ghost.

Vanquished Creatures
  Harold (D:7)
  Grinder (D:5)
  A water moccasin (D:6)
  A sky beast (D:6)
  An orc warrior (D:7)
  A black bear (D:6)
  A phantom (D:4)
  An ice beast (D:5)
  A necrophage (D:5)
  An ogre (D:4)
  2 centaurs
  3 bullfrogs (D:6)
  A scorpion (D:4)
  A howler monkey (D:6)
  2 crimson imps
  A hound (D:4)
  3 jellies
  3 orc priests
  6 orc wizards
  3 bullfrog skeletons
  8 worker ants
  3 gnolls (D:5)
  8 adders
  2 shadow imps
  An ooze (D:3)
  2 adder skeletons
  4 worms
  4 leopard geckos
  23 orcs
  5 giant cockroaches
  4 hobgoblins
  11 jackals
  4 quokkas
  8 bats
  9 frilled lizards
  8 goblins
  6 kobolds
  2 leopard gecko skeletons (D:5)
  5 rats
152 creatures vanquished.

Notes
Turn   | Place    | Note
-------+----------+-------------------------------------------
     0 | D:1      | bulhaenghan the Formicid Fighter began the quest for the
                  | Orb.
     0 | D:1      | Reached XP level 1. HP: 18/18 MP: 1/1
   122 | D:1      | Reached XP level 2. HP: 19/24 MP: 2/2
   579 | D:1      | Reached XP level 3. HP: 30/30 MP: 3/3
   822 | D:2      | Found a sparkling altar of Nemelex Xobeh.
  1466 | D:2      | Found an ornate altar of the Wu Jian Council.
  1606 | D:3      | Reached XP level 4. HP: 21/37 MP: 4/4
  1895 | D:3      | Found a runed translucent door.
  1896 | D:3      | Noticed arakdai's ghost (amateur DsGl)
  1913 | D:3      | Reached XP level 5. HP: 14/42 MP: 5/5
  3676 | D:4      | Noticed a phantom
  3692 | D:4      | Killed a phantom
  3692 | D:4      | Reached skill level 1 in Slings
  3692 | D:4      | Reached XP level 6. HP: 43/48 MP: 6/6
  3844 | D:4      | Reached skill level 5 in Maces & Flails
  3904 | D:4      | Reached skill level 2 in Slings
  3904 | D:4      | Reached XP level 7. HP: 50/55 MP: 7/7
  3941 | D:4      | Found a snail-covered altar of Cheibriados.
  3958 | D:4      | Became a worshipper of Cheibriados the Contemplative
  4026 | D:4      | Reached skill level 3 in Slings
  4427 | D:5      | Entered Level 5 of the Dungeon
  4444 | D:5      | Reached skill level 5 in Armour
  4554 | D:5      | Reached skill level 5 in Fighting
  4640 | D:5      | Reached * piety under Cheibriados
  4669 | D:5      | Reached skill level 4 in Slings
  4684 | D:5      | Reached XP level 8. HP: 62/62 MP: 8/8
  4867 | D:5      | Noticed Grinder
  4879 | D:5      | Killed Grinder
  4879 | D:5      | Reached skill level 5 in Slings
  5201 | D:6      | Found Potinia's Food Shop.
  5223 | D:6      | Reached XP level 9. HP: 64/69 MP: 9/9
  5281 | D:6      | Reached skill level 6 in Slings
  5292 | D:6      | Reached ** piety under Cheibriados
  5578 | D:6      | Reached skill level 1 in Invocations
  5867 | D:6      | Found a staircase to the Ecumenical Temple.
  6121 | D:6      | Reached skill level 7 in Slings
  6425 | D:7      | Found a runed translucent gate.
  6425 | D:7      | Found a runed translucent gate.
  6474 | D:7      | Noticed Harold
  6647 | D:7      | Killed Harold
  6647 | D:7      | Reached skill level 8 in Slings
  6647 | D:7      | Reached XP level 10. HP: 73/77 MP: 12/12
  6722 | D:7      | Reached *** piety under Cheibriados
  6766 | D:7      | Found a shattered altar of Ashenzari.
  7211 | D:7      | Found a runed translucent gate.
  7213 | D:7      | Noticed Blackmass's ghost (novice HuNe)
  7744 | D:6      | HP: 1/77 [Blackmass's ghost (8)]
  7744 | D:6      | Slain by Blackmass's ghost

Levels and vault maps discovered:
D:1:      roderic_chinese_lattice_arrival, layout_loops_ring
D:2:      layout_loops_ring, marbit_many_paths,
          nemelex_xobeh_ov_fountains_minmay, first_ration
D:3:      layout_basic, ebering_ghost_inner_flame, corexii_hall_statues_t,
          minmay_goblin_outpost
D:4:      layout_basic, cheibriados_altar_1
D:5:      layout_rooms, st_stairs_14, grunt_decor_arrowhead,
          serial_bayou_ford_a, uniq_grinder
D:6:      layout_basic, minmay_temple_entry_overgrown, serial_shops, shop
D:7:      layout_loops_cross, old_standard_altar, ebering_ghost_rock_garden,
          uniq_harold

Skill      XL: |  1  2  3  4  5  6  7  8  9 |
---------------+----------------------------+-----
Maces & Flails | 3 4 5 6 7 |  7.3
Armour         | 4 5 6 |  6.6
Fighting       | 4 5 6 |  6.8
Slings         | 1 2 4 5 8 |  8.2
Invocations    | 3 |  3.8
Throwing       | |  0.2
Shields        | |  3.6
Unarmed Combat | |  0.3

Action                   |  1- 3 |  4- 6 |  7- 9 | 10-12 || total
-------------------------+-------+-------+-------+-------++-------
Melee: Flail             |   176 |   112 |   136 |     6 ||   430
       Unarmed           |       |       |     6 |       ||     6
 Fire: Fustibalus        |       |    32 |   163 |       ||   195
Throw: Dart              |       |       |     2 |       ||     2
  Use: Scroll            |       |       |     1 |     2 ||     3
       Potion            |       |       |       |     1 ||     1
  Eat: Chunk             |     3 |     7 |     6 |       ||    16
Armor: Scale mail        |    89 |    40 |       |       ||   129
       Plate armour      |       |    48 |   106 |    24 ||   178
Dodge: Dodged            |    71 |    29 |    33 |    13 ||   146
Block: Shield            |   109 |    55 |   105 |    35 ||   304
